 Dungeon Crawl Stone Soup version 0.32-a0-418-g34023cf50c (webtiles) character file.

Game seed: 4320280272889547854

35 fettaberfit the Caller (level 3, -2/19 HPs)
             Began as a Deep Elf Summoner on Feb 21, 2024.
             Slain by a jackal (3 damage)
             ... on level 1 of the Dungeon.
             The game lasted 00:05:17 (648 turns).

fettaberfit the Caller (Deep Elf Summoner)           Turns: 648, Time: 00:05:17

Health: -2/19      AC:  2    Str:  5    XL:     3   Next: 17%
Magic:  9/9        EV: 12    Int: 21    God:
Gold:   10         SH:  0    Dex: 15    Spells: 7/8 levels left

rFire   . . .        c - +0 mace
rCold   . . .        (no shield)
rNeg    . . .        a - +0 robe
rPois   .            (no helmet)
rElec   .            (no cloak)
rCorr   .            (no gloves)
SInv    .            (no boots)
Will    .....        (no amulet)
Stlth   ++           (no ring)
HPRegen 0.23/turn    (no ring)
MPRegen 0.11/turn

%: no passive effects
@: no status effects
A: no striking features
a: no special abilities


You were on level 1 of the Dungeon.
You visited 1 branch of the dungeon, and saw 1 of its levels.

You collected 10 gold pieces.

Inventory:

Hand Weapons
 c - a +0 mace (weapon)
 d - a +0 dagger
 e - a +0 long sword
 g - a +0 club
Armour
 a - a +0 robe (worn)
Scrolls
 h - 2 scrolls of vulnerability
Potions
 b - a potion of magic
 f - a potion of haste {unknown}


   Skills:
 + Level 0.1 Fighting
 + Level 0.6 Maces & Flails
 + Level 2.6 Dodging
 + Level 2.4 Stealth
 + Level 3.2 Spellcasting
 + Level 5.1 Summonings


You had 7 spell levels left.
You knew the following spells:

 Your Spells              Type           Power      Damage    Failure   Level
a - Summon Small Mammal   Summ           100%       N/A       1%          1

Your spell library contained the following spells:

 Spells                   Type           Power      Damage    Failure   Level
 Call Imp                 Summ           50%        N/A       2%          2
 Call Canine Familiar     Summ           25%        N/A       4%          3
 Summon Blazeheart Golem  Fire/Summ      14%        N/A       41%         4
 Summon Lightning Spire   Summ/Air       14%        N/A       41%         4


Dungeon Overview and Level Annotations

Branches:
Dungeon (1/15)

Altars:


Message History

The hobgoblin mutters, "Of all the rotten luck!"
Cornered, the hobgoblin turns to fight!
You see here 2 scrolls of vulnerability.
The hobgoblin hits you.
You hit the hobgoblin.
The hobgoblin is almost dead.
The jackal barely misses you. The jackal bites you. The hobgoblin hits you.
The kobold looks desperately for an escape route.
You hit the hobgoblin.
You kill the hobgoblin!
The jackal barely misses you.
Cornered, the jackal turns to fight!
The jackal barely misses you.
The kobold seems to regain its courage.
The jackal seems to regain its courage.
Cornered, the kobold turns to fight!
The jackal misses you.
You closely miss the jackal.
Your attack snaps the jackal out of its fear.
The jackal barely misses you.
You hit the jackal.
You kill the jackal!
The jackal closely misses you. The jackal bites you.
You see here 2 scrolls of vulnerability.
h - 2 scrolls of vulnerability The jackal bites you. x2
You hit the jackal.
You kill the jackal!
The jackal closely misses you. The jackal bites you.
The jackal barely misses you.
You hit the jackal but do no damage.
The jackal bites you but does no damage.
The jackal barely misses you. The kobold hits you but does no damage.
The jackal bites you.
* * * LOW HITPOINT WARNING * * *
The jackal barely misses you. The kobold barely misses you.
The jackal barely misses you. The jackal misses you.
The kobold attacks as it pursues you! The kobold hits you with a +0 dagger.
* * * LOW HITPOINT WARNING * * *
The jackal attacks as it pursues you! The jackal barely misses you.
The jackal bites you.
You die...

'.........##......#
#.........ß#......#
###'###...##......#
###.# #...##......#
....# #...######.##
....# #...ß# #†##
#..####...## #..###
..........#
###....#
..........#
#..@##.#
##ß###ß###.#
#.hhK#.# #### ###
####.#.†..#
.....##..##
###.....#
.........#
##########


You could see 2 jackals and a kobold.

Vanquished Creatures
  2 endoplasms (D:1)
  3 giant cockroaches (D:1)
  A goblin (D:1)
  2 hobgoblins (D:1)
  2 jackals (D:1)
  A kobold (D:1)
  2 quokkas (D:1)
  A ball python (D:1)
  2 frilled lizards (D:1)
  3 rats (D:1)
19 creatures vanquished.

Notes
Turn   | Place    | Note
-------+----------+-------------------------------------------
     0 | D:1      | fettaberfit the Deep Elf Summoner began the quest for the
                  | Orb.
     0 | D:1      | Reached XP level 1. HP: 10/10 MP: 6/6
   259 | D:1      | Reached XP level 2. HP: 10/15 MP: 8/8
   458 | D:1      | Reached skill level 5 in Summonings
   627 | D:1      | Reached XP level 3. HP: 16/19 MP: 9/9
   648 | D:1      | Slain by a jackal

Illustrated notes

Levels and vault maps discovered:
D:1:      kennysheep_arrival_seaside, layout_basic,
          chequers_hall_statues_corner_a, minmay_tromino_v2

Skill      XL: |  1  2 |
---------------+-------+-----
Summonings     | 5 |  5.1
Fighting       | |  0.1
Maces & Flails | |  0.6
Dodging        | |  2.6
Stealth        | |  2.4
Spellcasting   | |  3.2

Action                     || total
---------------------------++-------
  Melee: Mace              ||    62
    Use: Scroll            ||     4
   Stab: Sleeping          ||     2
 Armour: Robe              ||    43
  Dodge: Dodged            ||    55

Table legend: (Time is in decaauts)
 A = Elapsed time spent in this place.
 B = Non-inter-level travel time spent in this place.
 C = Inter-level travel time spent in this place.
 D = Time resting spent in this place.
 E = Time spent auto-exploring this place.
 F = Levels seen in this place.
 G = Mean time per level.
                   A        B        C        D        E       F      G
               +--------+--------+--------+--------+--------+-----+--------+
         Total |    671 |    671 |      0 |     98 |      0 |   1 |  671.0 |
       Dungeon |    671 |    671 |      0 |     98 |      0 |   1 |  671.0 |
               +--------+--------+--------+--------+--------+-----+--------+

Top non-repeatable levels by time:
     D:1: 671 daAuts
